 Dungeon Crawl Stone Soup version 0.28-a0-819-g6ef7baa362 (webtiles) character file.

Game seed: 17351391559898082801

661 lunkers the Magician (level 7, 0/54 HPs)
             Began as a Djinni Cinder Acolyte on Nov 8, 2021.
             Was a High Priest of Ignis.
             Slain by Pikel (16 damage)
             ... on level 4 of the Dungeon.
             The game lasted 00:07:44 (4715 turns).

lunkers the Magician (Djinni Cinder Acolyte)        Turns: 4715, Time: 00:07:44

Health: 0/54       AC:  4    Str: 13    XL:     7   Next: 86%
Gold:   152        EV: 11    Int: 23    God:    Ignis [*****.] SH:  0 Dex:  9

rFire   + + +      SeeInvis .   i - +4 dagger
rCold   x . .      Faith    .   (no shield)
rNeg    . . .      Spirit   .   b - +1 robe
rPois   ∞          Reflect  .   k - +0 helmet
rElec   .          Harm     .   (no cloak)
rCorr   .          Rampage  .   (no gloves)
Will    +....                   (boots unavailable)
Stlth   +.........              (no amulet)
HPRegen 0.18/turn               l - ring of willpower
MPRegen 0.00/turn               j - +6 ring of intelligence

@: flying, studying Dodging
A: sickness immunity, fire resistance 2, cold vulnerability 1, float, innate
caster, hp casting, extra vitality 1
a: Renounce Religion, Sea of Fire, Foxfire Swarm, Rising Flame


You were on level 4 of the Dungeon.
You worshipped Ignis.
Ignis was extremely pleased with you.
You visited 1 branch of the dungeon, and saw 4 of its levels.

You collected 152 gold pieces.

Inventory:

Hand Weapons
 a - a -1 short sword of flaming
 d - a +0 dagger of venom
 i - a +4 dagger (weapon)
Missiles
 h - 2 throwing nets
Armour
 b - a +1 robe (worn)
 k - a +0 helmet (worn)
Jewellery
 j - a +6 ring of intelligence (right hand)
 l - a ring of willpower (left hand)
Scrolls
 f - a scroll of noise {unknown}
 g - a scroll of fog {unknown}
 m - 2 scrolls of teleportation {unknown}
 n - a scroll of brand weapon {unknown}
Potions
 c - a potion of attraction
 e - a potion of heal wounds


   Skills:
 + Level 5.4 Fighting
 - Level 2.6 Short Blades
 * Level 5.5 Spellcasting


You had 9 spell levels left.
You knew the following spells:

 Your Spells              Type           Power      Damage    Failure   Level
a - Scorch                Fire           64%        2d8       1%          2
b - Apportation           Tloc           64%        N/A       1%          1
c - Searing Ray           Conj           64%        2d6       1%          2
d - Confusing Touch       Hex            32%        N/A       2%          3
Your spell library was empty.

Dungeon Overview and Level Annotations

Branches:
Dungeon (4/15)
 Temple: D:4-7

Altars:
Ru
Trog

Annotations:
D:3 2 transporters, ytrimaz's ghost, amateur NaBe
D:4 Pikel


Innate Abilities, Weirdness & Mutations

You are immune to sickness and miasma.
You are immune to poison.
Your flesh is very heat resistant. (rF++)
You are vulnerable to cold. (rC-)
You float through the air rather than walking.
You learn spells naturally, not from books.
Your magical power is your life essence.
You have superior vitality. (+4 HP)


Message History

Pikel the Slaver comes into view.
He is wielding a +2 whip of electrocution.
Casting: Scorch (safe; 1% risk of failure)
Press: ? - help, Q - select action, (/) - cycle Dir - look around, f - activate Flames lash Pikel.
Pikel is moderately wounded.
Pikel's fire resistance burns away.
* * * LOW HITPOINT WARNING * * *
Casting: Scorch (safe; 1% risk of failure)
Press: ? - help, Q - select action, (/) - cycle Dir - look around, f - activate Flames lash Pikel.
Pikel is burned terribly!
Pikel is severely wounded.
* * * LOW HITPOINT WARNING * * *
A lemure comes into view.
Casting: Scorch (safe; 1% risk of failure)
Press: ? - help, Q - select action, (/) - cycle Dir - look around, f - activate Flames lash the lemure.
The lemure is moderately wounded.
The lemure's fire resistance burns away.
* * * LOW HITPOINT WARNING * * *
Pikel drinks a potion.
Pikel is healed!
Pikel cracks his whip.
Pikel is no longer more vulnerable to fire.
Casting: Scorch (safe; 1% risk of failure)
Press: ? - help, Q - select action, (/) - cycle Dir - look around, f - activate Flames lash Pikel.
Pikel is heavily wounded.
Pikel's fire resistance burns away.
* * * LOW HITPOINT WARNING * * *
Pikel barely misses you.
Unknown command.
Casting: Scorch (safe; 1% risk of failure)
Press: ? - help, Q - select action, (/) - cycle Dir - look around, f - activate Flames lash the lemure.
The lemure is moderately wounded.
The lemure's fire resistance burns away.
* * * LOW HITPOINT WARNING * * *
Pikel hits you with a +2 whip of electrocution.
* * * LOW HITPOINT WARNING * * *
You are electrocuted!
You die...

#########
#.......#
#######.#####.#
#.....#.# ###.#
###.###.#.#
#.@.#
#.....#.#.#
#K#######
#.#.#.#.#.#
#5.5....#
#.#.#.#...#
#######†# #
#.#.##### #.#
## #.#.# #5#
.## #.#.# #.#
(.# #.#.# #.#
≈≈###...# #.#


You could see Pikel (combustible) and a lemure (combustible).

Vanquished Creatures
  Sigmund (D:3)
  A black bear (D:4)
  A necrophage (D:4)
  3 lemures (D:4)
  An ogre (D:4)
  An orc priest (D:4)
  2 iguanas (D:4)
  Terence (D:3)
  2 hound skeletons (D:4)
  A gnoll (D:2)
  2 adders (D:2)
  2 worms (D:2)
  3 dart slugs
  5 orcs (D:4)
  5 bats
  7 endoplasms
  4 giant cockroaches (D:2)
  7 goblins
  5 hobgoblins
  4 jackals (D:1)
  9 kobolds
  4 quokkas
  6 ball pythons
  5 frilled lizards
  3 rats
85 creatures vanquished.

Vanquished Creatures (others)
  6 plants (D:3)
6 creatures vanquished.

Grand Total: 91 creatures vanquished

Notes
Turn   | Place    | Note
-------+----------+-------------------------------------------
     0 | D:1      | lunkers the Djinni Cinder Acolyte began the quest for the
                  | Orb.
     0 | D:1      | Reached XP level 1. HP: 20/20 MP: 0/0
   378 | D:1      | Reached XP level 2. HP: 18/25 MP: 0/0
  1276 | D:1      | Reached XP level 3. HP: 26/30 MP: 0/0
  1276 | D:1      | Learned a level 1 spell: Apportation
  1716 | D:2      | Reached XP level 4. HP: 11/35 MP: 0/0
  2883 | D:3      | Found a transporter.
  2883 | D:3      | Noticed Sigmund
  2889 | D:3      | Killed Sigmund
  2890 | D:3      | Reached XP level 5. HP: 31/42 MP: 0/0
  2890 | D:3      | Learned a level 2 spell: Searing Ray
  2890 | D:3      | Reached XP level 6. HP: 36/48 MP: 0/0
  2911 | D:3      | Noticed Terence
  2917 | D:3      | Killed Terence
  3097 | D:3      | Noticed a water moccasin
  3189 | D:3      | Found a sacrificial altar of Ru.
  3319 | D:3      | Identified a scroll of acquirement
  3319 | D:3      | Acquired a manual of Dodging
  3335 | D:3      | Found a faded altar of an unknown god.
  3429 | D:3      | Noticed ytrimaz's ghost (amateur NaBe)
  3448 | D:3      | Found a transporter.
  3533 | D:4      | Noticed an ogre
  3535 | D:4      | Killed an ogre
  3664 | D:4      | Noticed a black bear
  3668 | D:4      | Killed a black bear
  3669 | D:4      | Reached skill level 5 in Fighting
  3669 | D:4      | Reached skill level 5 in Spellcasting
  3669 | D:4      | Reached XP level 7. HP: 44/54 MP: 0/0
  3669 | D:4      | Learned a level 3 spell: Confusing Touch
  4558 | D:4      | Found a bloodstained altar of Trog.
  4706 | D:4      | Noticed Pikel
  4715 | D:4      | Slain by Pikel

Illustrated notes

Levels and vault maps discovered:
D:1:      nicolae_arrival_somewhat_less_tricky_arrival, layout_basic,
          dk_noncrumbling_3
D:2:      minmay_recursive_quarters, layout_loops_ring
D:3:      layout_rooms, nicolae_ru_sacrificial_ziggurat,
          shapermc_ecumenical_altar_mp_highgroup, gammafunk_ghost_gnarly_gnolls,
          lightli_corner_chamber, uniq_terence, uniq_sigmund
D:4:      layout_basic, trog_hazing_becter, uniq_pikel

Skill      XL: |  1  2  3  4  5  6 |
---------------+-------------------+-----
Spellcasting   | 3 4 5 |  5.5
Fighting       | 4 5 |  5.4
Short Blades   | |  2.6

Action                   |  1- 3 |  4- 6 |  7- 9 || total
-------------------------+-------+-------+-------++-------
Melee: Short sword       |    16 |       |       ||    16
       Dagger            |     3 |       |     3 ||     6
 Cast: Scorch            |    35 |    47 |    53 ||   135
  Use: Scroll            |     2 |     3 |     1 ||     6
Armor: Robe              |     5 |     2 |     5 ||    12
Dodge: Dodged            |    14 |     9 |     9 ||    32

Table legend: (Time is in decaauts)
 A = Elapsed time spent in this place.
 B = Non-inter-level travel time spent in this place.
 C = Inter-level travel time spent in this place.
 D = Time resting spent in this place.
 E = Time spent auto-exploring this place.
 F = Levels seen in this place.
 G = Mean time per level.
                   A        B        C        D        E       F      G
               +--------+--------+--------+--------+--------+-----+--------+
         Total |   4711 |   4648 |     63 |      0 |   4155 |   4 | 1177.8 |
       Dungeon |   4711 |   4648 |     63 |      0 |   4155 |   4 | 1177.8 |
               +--------+--------+--------+--------+--------+-----+--------+

Top non-repeatable levels by time:
     D:1: 1374 daAuts
     D:2: 1371 daAuts
     D:4: 1192 daAuts
     D:3: 772 daAuts
